Match 46693831
Unlisted

Match 46693831
End
Construct Infanterie Kompanie
Selects Mechanized Battlegroup
Grenadier Squad
MG 42 Machine Gun Team
Grenadier Squad
Construct Luftwaffe Kompanie
Jäger Squad
Medical Station
Luftwaffe Officer Quarters
Jäger Squad
Selects Raid Package
Jäger Squad
Jäger Squad
Jäger Squad
Selects 8 Rad Armored Car
Jäger Squad
Jäger Squad
Jäger Squad
김라현
Valist
lime
Don Pitudo
wodbs385512
waynejiangnz
0
0

Comments sign in to comment!

No comments posted yet!